 Dungeon Crawl Stone Soup version 0.32-a0-616-g9348d4545b (webtiles) character file.

Game seed: 10345919628147356163

109802 jasper the Brawler (level 16, -5/207 HPs)
             Began as a Demonspawn Shapeshifter on Mar 5, 2024.
             Was a High Priest of Trog.
             Killed from afar by an ice dragon (42 damage)
             ... with a blast of cold
             ... on level 15 of the Dungeon on Mar 6, 2024.
             The game lasted 00:52:38 (29545 turns).

jasper the Brawler (Demonspawn Shapeshifter)       Turns: 29545, Time: 00:52:39

Health: -5/207     AC: 20    Str: 21    XL:     16   Next: 5%
Magic:  16/16      EV:  8    Int: 14    God:    Trog [*****.]
Gold:   878        SH:  5    Dex: 19    Spells: 15/15 levels left

rFire   . .          .
                       - Unarmed
rCold   . . .        (no shield)
rNeg    . . .        O - +4 plate armour "Jiuschar" {Dex+2}
rPois   +            b - +1 helmet
rElec   +            A - +0 cloak
rCorr   .            (no gloves)
SInv    .            K - +2 pair of boots
Will    +++..        t - amulet of reflection Stlth
                     j - ring of poison resistance
HPRegen 2.54/turn    W - ring of Xihe Tad {rElec Int+2 Slay+4}
MPRegen 0.15/turn

%: reflection
@: berserking, strong-willed, regenerating, very quick
A: claws 1, thin skeletal structure 2, demonic guardian 2, powered by death 1
a: Renounce Religion, Berserk, Trog's Hand, Brothers in Arms


You were on level 15 of the Dungeon.
You worshipped Trog.
Trog was extremely pleased with you.
You visited 4 branches of the dungeon, and saw 23 of its levels.
You also visited: Gauntlet.

You collected 2811 gold pieces.
You spent 1933 gold pieces at shops.

Inventory:

Missiles
 q - 12 javelins
 S - 8 curare-tipped darts
 U - 13 boomerangs (quivered)
Armour
 b - a +1 helmet (worn)
 A - a +0 cloak (worn)
 F - +0 fire dragon scales
 K - a +2 pair of boots (worn)
 O - the +4 plate armour "Jiuschar" (worn) {Dex+2}
   (You found it on level 7 of the Dungeon)

   Dex+2:     It affects your dexterity (+2).
Jewellery
 j - a ring of poison resistance (left claw)
 n - a ring of ice
 t - an amulet of reflection (around neck)
 v - the necklace of Bloodlust {Fury *Rage Will++ Int-3 Slay+6}
   (You found it on level 3 of the Dungeon)

   [amulet of nothing]

   Fury:      It extends the wearer's berserk rage when killing foes.
   Int-3:     It affects your intelligence (-3).
   Slay+6:    It affects your accuracy & damage with ranged weapons and melee
   (+6).
   Will++:    It greatly increases your willpower.
   *Rage:     It berserks you when you make melee attacks (+50% chance).
 y - a +6 ring of strength
 C - a ring of see invisible
 M - a ring of protection from fire
 Q - the amulet "Teig" {Spirit Dex+3}
   (You found it in a Gauntlet)

   [amulet of guardian spirit]

   Spirit:    It causes incoming damage to be divided between your reserves of
   health and magic.
   Dex+3:     It affects your dexterity (+3).
 V - a +4 ring of protection
 W - the ring of Xihe Tad (right claw) {rElec Int+2 Slay+4}
   (You found it in a Gauntlet)

   [ring of slaying]

   Int+2:     It affects your intelligence (+2).
   Slay+4:    It affects your accuracy & damage with ranged weapons and melee
   (+4).
   rElec:     It insulates you from electricity.
Talismans
 c - a dragon-blood talisman
 T - a blade talisman
Wands
 e - a wand of mindburst (25)
 o - a wand of paralysis (14)
 x - a wand of polymorph (21)
 B - a wand of light (1)
 I - a wand of iceblast (16)
 L - a wand of flame (29)
Scrolls
 f - 2 scrolls of fear
 i - 8 scrolls of teleportation
 p - a scroll of immolation
 D - a scroll of poison
 E - a scroll of torment
 G - 2 scrolls of enchant weapon
 N - 4 scrolls of vulnerability
 R - 2 scrolls of revelation
 Y - a scroll of fog
Potions
 d - a potion of magic
 g - 3 potions of ambrosia
 h - 2 potions of cancellation
 k - 4 potions of haste
 l - 5 potions of might
 m - 4 potions of attraction
 r - 3 potions of lignification
 s - 6 potions of curing
 u - 2 potions of enlightenment
 z - 3 potions of mutation
 H - a potion of heal wounds
 J - 2 potions of berserk rage
Miscellaneous
 a - a tin of tremorstones (1/2)
 w - a phantom mirror
 P - a lightning rod (4/4)
 X - a phial of floods
 Z - a sack of spiders


   Skills:
 - Level 16.0 Fighting
 - Level 5.8 Dodging
 - Level 18.0 Unarmed Combat
 - Level 10.0 Evocations
 + Level 9.1 Shapeshifting


You had 15 spell levels left.
You didn't know any spells.
Your spell library was empty.

Dungeon Overview and Level Annotations

Branches:
Dungeon (15/15)            Temple (1/1) D:4            Lair (5/5) D:11
  Swamp (0/4) Lair:3        Snake (0/4) Lair:3        Slime (0/5) Lair:4
    Orc (2/2) D:12            Elf (0/3) Orc:2        Vaults (0/5) D:14
Gauntlet (visited)
 Depths: D:15

Altars:
Ashenzari
Cheibriados
Dithmenos
Fedhas
Gozag
Hepliaklqana
Kikubaaqudgha
Makhleb
Nemelex Xobeh
Okawaru
Qazlal
Ru
Sif Muna
Trog
Uskayaw
Vehumet
Wu Jian
Xom
Yredelemnul
Beogh
Jiyva

Shops:
D:3 *   D:6 :   D:7 (   Orc:2 *(?[=

Annotations:
Lair:2 2 runed translucent doors, jlumianski's ghost, journeyman CoGl


Innate Abilities, Weirdness & Mutations

You have sharp fingernails.
You have a moderately thin skeletal structure. (Dex +4, Stealth++)
A demonic guardian rushes to your aid.
You regenerate a little health from kills.


Message History

You take 1 damage, and have 87/138 hp.
You closely miss the fire dragon.
The fire dragon is severely wounded.
The ice dragon breathes frost at you. The blast of cold hits you!!
You take 24 damage, and have 63/138 hp.
The fire dragon bites you.
The fire dragon claws you but does no damage.
The fire dragon closely misses you. The ice dragon bites you!
A demonic guardian appears!
You block the ice dragon's attack. The ice dragon tramples you.
You hold your ground!
You take 12 damage, and have 51/138 hp.
You scratch the fire dragon.
The fire dragon is severely wounded.
You claw the fire dragon!
The fire dragon is almost dead.
The fire dragon breathes flames at you. The blast of flame hits you!!
* * * LOW HITPOINT WARNING * * *
The ice dragon bites you but does no damage.
You block the ice dragon's attack.
The ice dragon tramples you but does no damage.
Your soul eater hits the fire dragon!
The fire dragon dies!
Trog accepts your kill.
You take 28 damage, and have 24/138 hp.
MASSIVE DAMAGE!!
Your soul eater barely misses the ice dragon.
Your skin crawls.
You feel strong-willed. The ice dragon bites you.
* * * LOW HITPOINT WARNING * * *
The ice dragon claws you but does no damage.
The ice dragon tramples you but does no damage.
Your soul eater hits the ice dragon.
You take 2 damage, and have 23/138 hp.
A red film seems to cover your vision as you go berserk!
You feel yourself moving faster!
You feel mighty! The ice dragon breathes frost at you.
The blast of cold hits you!!!
You die...

####.#########..............#
.....# ##############.#
########### #<# # #.(....#
#.# #.####.# #######.# ####.#
#.# #.$$$$##.# .....# #.#
#####.......### ####.# #.#
##.3D..# # #.# #.#
##..@##.......### ## #.#
#.###..ß.###.$$$$##.# .# #.#
#..#......#########.# .###.#
######.....# #.# ..##.#
####..# ###.# #....# ##.#
#...# ..##.# #####.# #...#
.###.## ##...#.# #...#
......# ##.###..# ##.##


You could see an ice dragon (catching breath, ally target) and a friendly soul
eater (summoned).

Vanquished Creatures
  Gastronok (Lair:3)
  An orc warlord (Orc:2)
  Nessos (Lair:4)
  A minotaur (Gauntlet)
  An entropy weaver (shapeshifter) (D:14)
  A fire dragon (Lair:5)
  An ice dragon (Lair:5)
  6 hydras
  5 centaur warriors
  4 vault guards (D:14)
  4 catoblepae
  A boulder beetle (D:14)
  15 death yaks
  4 two-headed ogres (Orc:1)
  3 orc high priests (Orc:2)
  7 skeletal warriors
  2 skysharks (Lair:2)
  2 fire crabs
  A swamp dragon (Lair:5)
  6 orc knights
  A wolf spider (D:15)
  4 manticores
  12 ugly things
  4 deep elf pyromancers
  3 orc sorcerers (Orc:2)
  7 cyclopes
  3 kobold blastminers (Orc:1)
  5 elephants
  5 torpor snails (Lair:5)
  A black mamba (shapeshifter) (D:15)
  2 black mambas
  A guardian serpent (Lair:3)
  A smoke demon (Gauntlet)
  3 unseen horrors
  8 cane toads
  A gargoyle (D:13)
  15 komodo dragons
  3 rime drakes
  9 yaktaurs (D:15)
  3 kobold demonologists (D:11)
  An efreet (D:14)
  A red devil (Gauntlet)
  A komodo dragon (shapeshifter) (D:14)
  A freezing wraith (D:14)
  5 trolls
  8 hornets
  7 polar bears
  17 blink frogs (Lair:5)
  4 tyrant leeches (Lair:5)
  2 centaur simulacra (D:14)
  13 slime creatures
  2 spriggans (Lair:3)
  2 wraiths
  5 wyverns
  A spriggan (shapeshifter) (D:15)
  19 yaks
  2 shadows
  2 vampires
  6 fire bats (Gauntlet)
  3 wargs
  8 vampire mosquitoes
  5 basilisks
  2 steam dragons (Lair:5)
  Edmund (D:5)
  4 acid dragons
  A hell hound (Gauntlet)
  9 water moccasins
  Duvessa (D:7)
  An ice beast (D:6)
  A swamp drake (Lair:5)
  3 sky beasts
  29 orc warriors
  6 ogres
  4 black bears
  3 wolves (Lair:3)
  12 centaurs
  3 phantoms
  3 kobold brigands
  A gnoll sergeant (D:7)
  11 bullfrogs
  6 scorpions (D:5)
  14 wights
  Dowan (D:7)
  5 killer bees (D:10)
  9 electric eels
  10 howler monkeys
  A bombardier beetle (D:6)
  3 crimson imps (Gauntlet)
  2 jellies
  Crazy Yiuf (D:7)
  3 hounds
  18 orc priests
  8 iguanas
  A sleepcap (D:7)
  27 orc wizards
  11 hell rats
  2 gnolls (D:7)
  Robin (D:2)
  5 adders
  2 ribbon worms
  101 orcs
  A ball python (D:1)
  6 bats
  4 endoplasms
  4 giant cockroaches
  10 goblins
  8 hobgoblins
  2 jackals (D:3)
  13 kobolds
  2 quokkas
  A frilled lizard (D:3)
  4 rats
654 creatures vanquished.

Vanquished Creatures (collateral kills)
  A fire dragon (D:15)
  A catoblepas (Lair:4)
  3 hydras
  An orc high priest (Orc:2)
  A fire crab (Lair:4)
  3 skeletal warriors
  A lindwurm (Lair:5)
  An orc knight (Orc:1)
  A black mamba (Lair:3)
  An eye of devastation (Gauntlet)
  A cane toad (Lair:4)
  A komodo dragon (Lair:4)
  4 rime drakes
  A troll (Orc:1)
  Prince Ribbit (D:5)
  4 blink frogs (Lair:5)
  A slime creature (D:12)
  2 golden eyes (Gauntlet)
  2 water moccasins (Lair:5)
  2 orc warriors
  An ogre (Orc:1)
  A bullfrog (Lair:4)
  2 electric eels (Lair:5)
  An iguana (Lair:5)
  2 hell rats (Lair:4)
  A gnoll (D:7)
  A goblin (D:2)
42 creatures vanquished.

Vanquished Creatures (others)
  A basilisk (Lair:4)
1 creature vanquished.

Grand Total: 697 creatures vanquished

Notes
Turn   | Place    | Note
-------+----------+-------------------------------------------
     0 | D:1      | jasper the Demonspawn Shapeshifter began the quest for the
                  | Orb.
     0 | D:1      | Reached XP level 1. HP: 15/15 MP: 1/1
    92 | D:1      | Reached skill level 3 in Unarmed Combat
   330 | D:1      | Gained mutation: A weak demonic guardian rushes to your
                  | aid. [demonic ancestry]
   330 | D:1      | Reached XP level 2. HP: 21/21 MP: 2/2
  1067 | D:2      | Noticed a black bear
  1194 | D:2      | Noticed Robin
  1214 | D:2      | Killed Robin
  1215 | D:2      | Reached skill level 4 in Unarmed Combat
  1215 | D:2      | Gained mutation: You have a somewhat thin skeletal
                  | structure. (Dex +2, Stealth+) [demonic ancestry]
  1215 | D:2      | Reached XP level 3. HP: 26/26 MP: 3/3
  1988 | D:3      | Reached XP level 4. HP: 32/32 MP: 4/4
  2068 | D:3      | Found Amubriva's Assorted Antiques.
  2082 | D:3      | Bought a thin jasper amulet for 110 gold pieces
  2082 | D:3      | Bought a scroll labelled FECVUA MUAVYTI for 22 gold pieces
  2551 | D:3      | Found the necklace of Bloodlust {Fury *Rage Will++ Int-3
                  | Slay+6}
  2984 | D:4      | Reached skill level 5 in Unarmed Combat
  3169 | D:4      | Found a staircase to the Ecumenical Temple.
  3210 | Temple   | Entered the Ecumenical Temple
  3237 | Temple   | Became a worshipper of Trog the Wrathful
  3414 | D:5      | Entered Level 5 of the Dungeon
  3458 | D:5      | Noticed a scorpion
  3478 | D:5      | Killed a scorpion
  3479 | D:5      | Reached XP level 5. HP: 31/37 MP: 5/5
  3567 | D:5      | Reached skill level 6 in Unarmed Combat
  3576 | D:5      | Noticed Prince Ribbit
  3599 | D:5      | Killed Prince Ribbit
  3600 | D:5      | Reached skill level 7 in Unarmed Combat
  3600 | D:5      | Gained mutation: You have sharp fingernails. [demonic
                  | ancestry]
  3600 | D:5      | Reached XP level 6. HP: 28/43 MP: 6/6
  3699 | D:5      | Reached XP level 7. HP: 34/48 MP: 7/7
  3854 | D:5      | Identified the +2 leather armour of Midnight {Will+}
  4069 | D:5      | Noticed Edmund
  4152 | D:5      | Killed Edmund
  4308 | D:5      | Reached skill level 8 in Unarmed Combat
  4377 | D:5      | Reached XP level 8. HP: 56/57 MP: 8/8
  4765 | D:6      | Found Acunam's Book Shoppe.
  5142 | D:6      | Reached * piety under Trog
  5173 | D:6      | Reached skill level 5 in Dodging
  5503 | D:6      | Reached skill level 5 in Fighting
  5757 | D:6      | Reached XP level 9. HP: 54/68 MP: 9/9
  6229 | D:7      | Identified the +4 plate armour "Jiuschar" {Dex+2}
  6284 | D:7      | Found a stormy altar of Qazlal.
  6381 | D:7      | Noticed Dowan
  6386 | D:7      | Noticed Duvessa
  6404 | D:7      | Killed Dowan
  6412 | D:7      | Killed Duvessa
  6413 | D:7      | Reached skill level 9 in Unarmed Combat
  6620 | D:7      | Reached ** piety under Trog
  6813 | D:7      | Found Cuimeog's Antique Weapon Boutique.
  7012 | D:7      | Found a runed translucent door.
  7013 | D:7      | Noticed Crazy Yiuf
  7019 | D:7      | Killed Crazy Yiuf
  7303 | D:8      | Reached skill level 10 in Unarmed Combat
  7474 | D:8      | Gained mutation: You have a moderately thin skeletal
                  | structure. (Dex +4, Stealth++) [demonic ancestry]
  7474 | D:8      | Reached XP level 10. HP: 66/79 MP: 10/10
  7650 | D:8      | Reached *** piety under Trog
  8615 | D:9      | Reached skill level 11 in Unarmed Combat
  8807 | D:9      | Found a hide-covered altar of Uskayaw.
  8813 | D:9      | Found an ornate altar of the Wu Jian Council.
  8816 | D:9      | Found a snail-covered altar of Cheibriados.
  8823 | D:9      | Found a sacrificial altar of Ru.
  8957 | D:9      | Reached skill level 1 in Evocations
  9189 | D:9      | Reached **** piety under Trog
  9353 | D:10     | Entered Level 10 of the Dungeon
  9451 | D:10     | Found an ancient bone altar of Kikubaaqudgha.
  9588 | D:10     | Reached skill level 5 in Evocations
  9859 | D:10     | Reached XP level 11. HP: 80/87 MP: 11/11
 10218 | D:10     | Reached skill level 12 in Unarmed Combat
 10602 | D:11     | Noticed a deep elf pyromancer
 10627 | D:11     | Killed a deep elf pyromancer
 10711 | D:11     | Noticed a red ugly thing
 10718 | D:11     | Killed a red ugly thing
 10747 | D:11     | Noticed a white ugly thing
 10753 | D:11     | Killed a white ugly thing
 11078 | D:11     | Found a staircase to the Lair.
 11241 | D:11     | Reached skill level 13 in Unarmed Combat
 11680 | D:12     | Noticed a deep elf pyromancer
 11689 | D:12     | Killed a deep elf pyromancer
 11690 | D:12     | Reached skill level 10 in Fighting
 11701 | D:12     | Found a roughly hewn altar of Beogh.
 11701 | D:12     | Found a staircase to the Orcish Mines.
 11702 | D:12     | Noticed an orc knight
 11712 | D:12     | Killed an orc knight
 11712 | D:12     | Reached ***** piety under Trog
 11742 | D:12     | Found a gate leading to a gauntlet.
 11754 | Gauntlet | Entered a Gauntlet
 11754 | Gauntlet | Found a transporter.
 11823 | Gauntlet | Found a transporter.
 11825 | Gauntlet | Found a transporter.
 11838 | Gauntlet | Found a transporter.
 11839 | Gauntlet | Found a transporter.
 11840 | Gauntlet | Noticed a ghost crab
 11848 | Gauntlet | Found a transporter.
 11864 | Gauntlet | Found a transporter.
 11875 | Gauntlet | Noticed a sixfirhy
 11877 | Gauntlet | Found a transporter.
 11880 | Gauntlet | Noticed a sixfirhy
 11881 | Gauntlet | Noticed a sixfirhy
 11885 | Gauntlet | Noticed a sixfirhy
 11888 | Gauntlet | Noticed a fire crab
 11889 | Gauntlet | Found a transporter.
 11894 | Gauntlet | Found a transporter.
 11911 | Gauntlet | Found a transporter.
 11921 | Gauntlet | Found a runed translucent door.
 11922 | Gauntlet | Found a transporter.
 11922 | Gauntlet | Found a transporter.
 11923 | Gauntlet | Found a runed translucent door.
 11974 | Gauntlet | Found a transporter.
 12121 | Gauntlet | Gained mutation: A demonic guardian rushes to your aid.
                  | [demonic ancestry]
 12121 | Gauntlet | Reached XP level 12. HP: 98/98 MP: 12/12
 12197 | Gauntlet | Reached skill level 14 in Unarmed Combat
 12220 | Gauntlet | Identified the ring of Xihe Tad {rElec Int+2 Slay+4}
 12233 | Gauntlet | Identified the amulet "Teig" {Spirit Dex+3}
 12349 | Gauntlet | Noticed a minotaur
 12761 | Gauntlet | Killed a minotaur
 12767 | Gauntlet | Identified the +10 dagger of Exoneration {vamp, rPois rN++
                  | MP+9 Stlth+}
 12923 | Lair:1   | Entered Level 1 of the Lair of Beasts
 12923 | Lair:1   | Noticed a death yak
 12923 | Lair:1   | Noticed a death yak
 12923 | Lair:1   | Noticed a death yak
 12923 | Lair:1   | Noticed a death yak
 12923 | Lair:1   | Noticed a death yak
 12923 | Lair:1   | Noticed a death yak
 12939 | Lair:1   | Killed a death yak
 12939 | Lair:1   | Killed a death yak
 12940 | Lair:1   | Killed a death yak
 12940 | Lair:1   | Killed a death yak
 12940 | Lair:1   | Killed a death yak
 12941 | Lair:1   | Killed a death yak
 14046 | Lair:2   | Found a large runed translucent door.
 14047 | Lair:2   | Found a large runed translucent door.
 14331 | Lair:2   | Noticed jlumianski's ghost (journeyman CoGl)
 14370 | Lair:2   | You fall into a shaft and drop 2 floors!
 14399 | Lair:4   | Noticed an eight-headed hydra
 14453 | Lair:4   | Noticed a catoblepas
 14462 | Lair:4   | Killed a catoblepas
 14476 | Lair:4   | Reached skill level 10 in Evocations
 14479 | Lair:4   | Killed an eight-headed hydra
 14483 | Lair:4   | Reached XP level 13. HP: 20/106 MP: 13/13
 15073 | Lair:3   | Noticed Gastronok
 15100 | Lair:3   | Killed Gastronok
 15101 | Lair:3   | Reached skill level 15 in Unarmed Combat
 16260 | Lair:3   | Found a staircase to the Swamp.
 16478 | Lair:3   | Found a staircase to the Snake Pit.
 16961 | Lair:3   | Found a runed translucent door.
 17387 | Lair:3   | Reached skill level 16 in Unarmed Combat
 17646 | Lair:4   | Noticed Nessos
 17658 | Lair:4   | Killed Nessos
 18095 | Lair:4   | Found the +3 giant club "Skullcrusher" {speed, Str+7}
 18357 | Lair:4   | Found a viscous altar of Jiyva.
 18357 | Lair:4   | Found a staircase to the Slime Pits.
 18561 | Lair:4   | Reached XP level 14. HP: 113/116 MP: 14/14
 18817 | Lair:5   | Entered Level 5 of the Lair of Beasts
 20178 | Lair:5   | Reached skill level 17 in Unarmed Combat
 21308 | Lair:5   | Paralysed by a hornet for 3 turns
 22754 | Orc:1    | Entered Level 1 of the Orcish Mines
 22754 | Orc:1    | Found a roughly hewn altar of Beogh.
 22863 | Orc:2    | Entered Level 2 of the Orcish Mines
 22866 | Orc:2    | Noticed an orc warlord
 22874 | Orc:2    | Reached skill level 18 in Unarmed Combat
 22881 | Orc:2    | Killed an orc warlord
 23405 | Orc:2    | Found Xaolaw's Antique Weapon Emporium.
 23462 | Orc:2    | Found Beschyol's Antique Armour Shop.
 23473 | Orc:2    | Found Niotu's Magic Scroll Shop.
 23481 | Orc:2    | Bought a scroll of immolation for 68 gold pieces
 23481 | Orc:2    | Bought a scroll of fear for 68 gold pieces
 23510 | Orc:2    | Gained mutation: You regenerate a little health from kills.
                  | [demonic ancestry]
 23510 | Orc:2    | Reached XP level 15. HP: 123/127 MP: 15/15
 23557 | Orc:2    | Found Empaib's Jewellery Shoppe.
 23639 | Orc:2    | Reached skill level 15 in Fighting
 23820 | Orc:2    | Found a staircase to the Elven Halls.
 24025 | Orc:2    | Found Seutipn's General Store.
 24034 | Orc:2    | Bought a scroll of teleportation for 45 gold pieces
 24034 | Orc:2    | Bought a scroll of fear for 60 gold pieces
 24034 | Orc:2    | Bought a phantom mirror for 600 gold pieces
 25131 | Orc:2    | Bought a dragon-blood talisman for 960 gold pieces
 27116 | D:14     | Reached skill level 5 in Shapeshifting
 27818 | D:14     | Found an iron altar of Okawaru.
 28169 | D:14     | Found a gate to the Vaults.
 28170 | D:14     | Received a gift from Trog
 28487 | D:15     | Entered Level 15 of the Dungeon
 28984 | D:15     | Reached XP level 16. HP: 82/138 MP: 16/16
 29545 | D:15     | Killed from afar by an ice dragon

Illustrated notes

Levels and vault maps discovered:
D:1:      tekkud_arrival_beachfront_property, layout_loops_cross,
          roderic_roman_lattice, minmay_misc_feat_more_columns
D:2:      layout_basic, lightli_corner_chamber, uniq_robin
D:3:      layout_basic, serial_rivers, chequers_serial_rivers_micro_a,
          chequers_serial_rivers_micro_b, chequers_serial_rivers_room_b,
          chequers_serial_rivers_room_b, chequers_serial_rivers_small_a,
          chequers_serial_rivers_micro_a, serial_shops, nicolae_shop_statue_plus
D:4:      layout_loops_ring, temple_doors_cd, serial_glass, glass_columns_b,
          glass_columns_b
D:5:      layout_rooms, minmay_misc_feat_square, uniq_edmund,
          uniq_prince_ribbit1
D:6:      layout_basic, serial_shops, nicolae_diamond_shop,
          chequers_decorated_corner
D:7:      layout_cave_pools, nicolae_qazlal_scattered_showers, serial_shops,
          nicolae_shop_window_shopping, st_stairs_8, uniq_duvessa,
          uniq_crazy_yiuf_cottage
D:8:      minmay_flawed_box, layout_loops_ring
D:9:      layout_loops_ring, nicolae_overflow_hallway_of_the_gods
D:10:     layout_roguey [special_room_orc], kiku_gazebo_pond_becter
D:11:     layout_irregular_city, david_lair_generic, hex_tiny,
          minmay_misc_feat_x
D:12:     layout_irregular_city, david_orc_5, gauntlet_entry_generic,
          kennysheep_generic_room_13
D:13:     layout_roguey, minivault_14
D:14:     layout_irregular_city, lightli_vaults_fourway_checkpoint,
          hangedman_decor_growths, okawaru_ov_weapons_minmay
D:15:     grunt_enter_depths_hoard, layout_loops_ring, hangedman_decor_opposing
Temple:   regret_index_temple_waves
Lair:1:   layout_chaotic_city, serial_bayou_shore_a, lemuel_fruit_fields,
          grunt_megastairs_2
Lair:2:   layout_chaotic_city, ebering_ghost_disaster_area,
          small_statue_intersection, forest_entry_grove, lemuel_fruit_tree
Lair:3:   gammafunk_lair_enchanted_lake, layout_loops_ring,
          minmay_swamp_entry_eels, minmay_snake_entry_spellcaster,
          uniq_gastronok
Lair:4:   nzn_winding_woodlands_cross [nzn_winding_woodlands_5x15_parted,
          nzn_winding_woodlands_5x15_sawtooth,
          nzn_winding_woodlands_5x15_longhouse,
          nzn_winding_woodlands_5x15_default,
          nzn_winding_woodlands_15x15_five_gardens], layout_misc_corridors,
          dpeg_slime_entry_corner, uniq_nessos
Lair:5:   guppyfry_lair_end_dragon, layout_layer_cave, wormcave, serial_bayou,
          serial_bayou_pond_c, serial_bayou_pond_e, serial_bayou_crossing,
          serial_bayou_lagoon_a, infiniplex_staircase_pool
Orc:1:    layout_diamond_mine, basic_altar, hellmonk_guarded_unrand_dark_maul
Orc:2:    grunt_orc_gardens, layout_caves, grunt_orc_garden, grunt_orc_garden,
          grunt_orc_garden, grunt_orc_garden, serial_shops,
          nicolae_shop_competitors_out_of_business,
          regret_index_minedec_guest_junction

Skill      XL: |  1  2  3  4  5  6  7  8  9 10 11 12 13 14 15 16 |
---------------+-------------------------------------------------+-----
Unarmed Combat | 3 4 5 7 8 10 11 13 14 16 18 | 18.0
Dodging        | 3 5 |  5.8
Fighting       | 2 5 7 8 10 11 12 14 16 | 16.0
Evocations     | 5 10 | 10.0
Shapeshifting  | 8 9 |  9.1

Action                     |  1- 3 |  4- 6 |  7- 9 | 10-12 | 13-15 | 16-18 || total
---------------------------+-------+-------+-------+-------+-------+-------++-------
  Melee: Unarmed           |   114 |    85 |   379 |   574 |   974 |    23 ||  2149
         Punch             |     4 |     4 |    13 |    62 |   156 |     8 ||   247
  Throw: Stone             |     5 |     8 |     5 |     1 |       |       ||    19
         Boomerang         |       |       |       |     8 |    54 |       ||    62
         Dart              |       |       |       |       |     1 |       ||     1
 Invoke: Berserk           |       |       |     2 |     7 |    10 |     1 ||    20
         Trog's Hand       |       |       |       |    10 |    13 |     1 ||    24
         Brothers in Arms  |       |       |       |     3 |     1 |       ||     4
Ability: Begin Untransform |       |       |     1 |       |       |       ||     1
  Evoke: Wand              |       |     5 |     2 |     3 |    13 |       ||    23
         Lightning rod     |       |       |       |     5 |    10 |       ||    15
         Tin of tremorston |       |       |       |       |     8 |       ||     8
         Sack of spiders   |       |       |       |       |     3 |       ||     3
         Phial of floods   |       |       |       |       |     1 |       ||     1
    Use: Scroll            |     5 |     3 |       |    14 |    15 |       ||    37
         Potion            |     1 |     1 |       |     1 |       |       ||     3
   Stab: Sleeping          |     2 |     4 |       |       |       |       ||     6
         Paralysed         |       |     4 |     3 |       |       |       ||     7
         Distracted        |       |       |     2 |       |     3 |       ||     5
         Petrified         |       |       |       |       |     1 |       ||     1
 Armour: Animal skin       |    38 |    26 |       |       |       |       ||    64
         Skin              |    11 |       |       |       |       |       ||    11
         Leather armour    |       |       |    18 |       |       |       ||    18
         Scale mail        |       |       |    83 |       |       |       ||    83
         Plate armour      |       |       |   133 |   420 |   920 |    59 ||  1532
  Dodge: Dodged            |    50 |    37 |   100 |   149 |   325 |    13 ||   674
  Block: Other             |       |    17 |    52 |    84 |   157 |    10 ||   320
         Reflection        |       |     1 |       |     6 |    14 |     1 ||    22

Table legend: (Time is in decaauts)
 A = Elapsed time spent in this place.
 B = Non-inter-level travel time spent in this place.
 C = Inter-level travel time spent in this place.
 D = Time resting spent in this place.
 E = Time spent auto-exploring this place.
 F = Levels seen in this place.
 G = Mean time per level.
                   A        B        C        D        E       F      G
               +--------+--------+--------+--------+--------+-----+--------+
         Total |  29338 |  28367 |    971 |   6438 |  16718 |  24 | 1222.4 |
       Dungeon |  16029 |  15633 |    396 |   2580 |   9886 |  15 | 1068.6 |
        Temple |     54 |      3 |     51 |      0 |      0 |   1 |   54.0 |
          Lair |   9845 |   9503 |    342 |   2601 |   5443 |   5 | 1969.0 |
  Orcish Mines |   2368 |   2187 |    181 |    716 |   1098 |   2 | 1184.0 |
      Gauntlet |   1040 |   1040 |      0 |    540 |    290 |   1 | 1040.0 |
               +--------+--------+--------+--------+--------+-----+--------+

Top non-repeatable levels by time:
  Lair:4: 2936 daAuts
  Lair:5: 2768 daAuts
  Lair:3: 1983 daAuts
    D:14: 1607 daAuts
     D:6: 1561 daAuts
   Orc:1: 1469 daAuts
    D:11: 1289 daAuts
     D:8: 1243 daAuts
     D:5: 1203 daAuts
  Lair:1: 1119 daAuts
     D:9: 1060 daAuts
     D:3: 1043 daAuts
Gauntlet: 1040 daAuts
  Lair:2: 1038 daAuts
    D:10: 1029 daAuts
